 Dungeon Crawl Stone Soup version 0.19-a0-611-gb5a7e8d (webtiles) character file.

28762 shmeve the Fighter (level 13, -3/178 HPs)
             Began as a Minotaur Fighter on June 12, 2016.
             Was a High Priest of Trog.
             Slain by a black mamba (10 damage)
             ... on level 4 of the Lair of Beasts.
             The game lasted 00:38:18 (14411 turns).

shmeve the Fighter (Minotaur Fighter)              Turns: 14411, Time: 00:38:18

Health: -3/178     AC: 18    Str: 29    XL:     13   Next: 11%
Magic:  12/12      EV: 12    Int:  5    God:    Trog [*****.]
Gold:   951        SH: 17    Dex: 17    Spells: 0 memorised, 12 levels left

rFire  . . .     SeeInvis .     a - +0 war axe
rCold  . . .     Gourm    .     F - +0 plate armour
rNeg   . . .     Faith    .     c - +0 shield
rPois  +         Spirit   .     V - +1 hat
rElec  .         Dismiss  .     B - +0 cloak
rCorr  .         Reflect  +     A - +0 pair of gloves
SustAt .         Harm     .     (no boots)
MR     .....                    C - +3 amulet of reflection
Stlth  ..........               G - ring of poison resistance
                                X - +5 ring of dexterity

@: berserking, very quick, not resistant to hostile enchantments, extremely
unstealthy
A: retaliatory headbutt, horns 2
a: Berserk, Trog's Hand, Brothers in Arms, Burn Spellbooks, Renounce Religion


You were on level 4 of the Lair of Beasts.
You worshipped Trog.
Trog was extremely pleased with you.
You were not hungry.

You visited 2 branches of the dungeon, and saw 15 of its levels.

You collected 1092 gold pieces.
You spent 141 gold pieces at shops.

Inventory:

Hand Weapons
 a - a +0 war axe (weapon)
 E - a +8 hunting sling of velocity
Missiles
 x - 184 sling bullets
Armour
 c - a +0 shield (worn)
 A - a +0 pair of gloves (worn)
 B - a +0 cloak (worn)
 F - a +0 plate armour (worn)
 V - a +1 hat (worn)
Jewellery
 C - a +3 amulet of reflection (around neck)
 G - a ring of poison resistance (right hand)
 X - a +5 ring of dexterity (left hand)
Wands
 h - a wand of digging (17/24)
Scrolls
 e - 8 scrolls of identify
 j - 2 scrolls of recharging {unknown}
 k - a scroll of blinking {unknown}
 n - 6 scrolls of remove curse
 o - 2 scrolls of fear {unknown}
 q - 6 scrolls of teleportation {unknown}
 r - 2 scrolls of acquirement {unknown}
 s - a scroll of amnesia {unknown}
 t - 2 scrolls of enchant armour {unknown}
 J - a scroll of enchant weapon {unknown}
 M - a scroll of torment {unknown}
 S - a scroll of holy word {unknown}
 U - 2 scrolls of magic mapping {unknown}
Potions
 b - 2 potions of resistance {unknown}
 d - 3 potions of might
 g - 3 potions of brilliance {unknown}
 i - 6 potions of degeneration {unknown}
 l - 6 potions of magic {unknown}
 m - a potion of invisibility {unknown}
 u - 2 potions of haste {unknown}
 v - a potion of berserk rage {unknown}
 z - 3 potions of heal wounds {unknown}
 H - 2 potions of agility {unknown}
 K - 2 potions of lignification {unknown}
 L - 3 potions of flight {unknown}
 P - a potion of cure mutation {unknown}
 Q - a potion of ambrosia {unknown}
 R - a potion of cancellation {unknown}
 T - 4 potions of curing {unknown}
Miscellaneous
 y - a lamp of fire
 N - a lamp of fire
 W - a lamp of fire
Comestibles
 f - 14 bread rations
 p - 4 meat rations
 w - 4 chunks of flesh
 D - 4 slices of pizza
 I - 11 royal jellies
 O - 7 beef jerkies
 Z - 3 fruits


   Skills:
 * Level 12.9 Fighting
 * Level 12.5 Axes
 + Level 8.7 Slings
 + Level 9.4 Armour
 + Level 8.4 Dodging
 * Level 12.8 Shields


You had 12 spell levels left.
You didn't know any spells.

Dungeon Overview and Level Annotations

Branches:
Dungeon (11/15)            Temple (0/1) D:5            Lair (4/6) D:11
 Shoals (0/4) Lair:2       Spider (0/4) Lair:3          Orc (0/2) D:9

Altars:
Ashenzari
Cheibriados
Kikubaaqudgha
Makhleb
Pakellas
Qazlal
Ru
Trog
Uskayaw
Vehumet
Yredelemnul
Zin

Shops:
D:6 :??**

Portals:
Volcano: Lair:1


Innate Abilities, Weirdness & Mutations

You reflexively headbutt those who attack you in melee.
You have a pair of horns on your head.


Message History

You are too berserk!
Unknown command.
Unknown command.
You slash the komodo dragon!
The komodo dragon is almost dead.
You hit the black mamba.
The black mamba is almost dead.
The black mamba barely misses you. The komodo dragon bites you!
* * * LOW HITPOINT WARNING * * *
You completely miss the komodo dragon. You headbutt the komodo dragon!
You kill the komodo dragon!
Trog accepts your kill.
You hit the black mamba.
The black mamba is almost dead.
You block the black mamba's attack.
Unknown command.
You block the black mamba's attack.
You feel a strong urge to attack something.
The black mamba bites you!
You die...

♣.... #.......#.... ..(..
..♣.##..###...#.♣.
...(.##.#.........####.#
............#.#.†##..... .
.....(.....##.....#..... ..
...........#.#.....#.... ..
...........#.....#...### .# ###
#.......S....#.♣....#.#. .#
#.###...#.P.@..##.......#....
P####...##..##..#.##........#....
........##..#......###.....## ...
..#....###..#.#....# ##....##....
.#####.###...##..P.# ......##....
.# #.#.#..# .##.P# #.....##....
.#####+..#..##########.....###.#.
............P###.#...P.....##.#..
..................†..............


You could see a black mamba.

Vanquished Creatures
  Josephine (D:10)
  2 hydras (Lair:3)
  A centaur warrior (D:11)
  Erica (Lair:1)
  The ghost of richardnixon the Slicer, a journeyman VSAs of Kikubaaqudgha (D:10)
  A hill giant (D:10)
  An orb spider (Lair:3)
  2 ugly things
  4 elephants
  Joseph (D:7)
  A black mamba (Lair:1)
  2 gargoyles
  3 komodo dragons
  7 spiny frogs
  A polar bear (Lair:3)
  A merfolk (Lair:2)
  A troll (D:9)
  A two-headed ogre (D:11)
  A slime creature (D:11)
  3 blink frogs (Lair:1)
  5 wraiths
  2 spriggans (Lair:3)
  A wyvern (D:11)
  17 yaks
  A basilisk (Lair:3)
  A steam dragon (D:9)
  2 hippogriffs
  2 vampire mosquitoes (D:10)
  Edmund (D:6)
  9 water moccasins
  8 porcupines
  6 ice beasts
  4 orc warriors
  4 sky beasts
  A wasp (Lair:3)
  2 phantoms
  3 black bears
  6 ogres
  24 wolves
  4 centaurs
  6 crocodiles
  4 big kobolds
  10 giant frogs
  6 scorpions
  6 killer bees (D:10)
  4 wights (D:8)
  5 howler monkeys
  4 electric eels
  2 centaur zombies
  5 crimson imps
  4 hounds
  6 jellies
  A centaur skeleton (D:7)
  6 human zombies (D:8)
  9 orc priests
  4 giant frog skeletons
  20 orc wizards
  6 iguanas
  4 worker ants
  A killer bee zombie (D:5)
  A sheep (D:11)
  An ogre zombie (D:8)
  2 hound zombies (D:6)
  2 hound skeletons
  A mummy (D:8)
  A worker ant zombie (D:7)
  Robin (D:3)
  A howler monkey skeleton (D:4)
  A howler monkey zombie (D:5)
  19 river rats
  15 adders
  2 shadow imps (D:8)
  6 oozes
  An adder zombie (D:5)
  A worm (D:2)
  3 dart slugs
  5 giant geckos
  79 orcs
  3 ball pythons
  6 bats
  6 giant cockroaches
  10 goblins
  8 hobgoblins
  A jackal (D:1)
  21 kobolds
  8 quokkas
  A ball python skeleton (D:6)
  8 giant newts
  An orc zombie (D:8)
  3 rats
  A fungus (Lair:4)
  2 plants
473 creatures vanquished.

Vanquished Creatures (others)
  An orc wizard (D:6)
  2 fungi
  6 plants
9 creatures vanquished.

Grand Total: 482 creatures vanquished

Notes
Turn   | Place    | Note
--------------------------------------------------------------
     0 | D:1      | shmeve the Minotaur Fighter began the quest for the Orb.
     0 | D:1      | Reached XP level 1. HP: 19/19 MP: 0/0
   269 | D:1      | Reached XP level 2. HP: 25/27 MP: 1/1
   678 | D:2      | Reached XP level 3. HP: 32/33 MP: 2/2
   718 | D:2      | Reached skill level 1 in Slings
  1106 | D:2      | Reached XP level 4. HP: 34/40 MP: 3/3
  1204 | D:3      | Found a bloodstained altar of Trog.
  1223 | D:3      | Reached skill level 1 in Dodging
  1227 | D:3      | Noticed Robin
  1229 | D:3      | Became a worshipper of Trog the Wrathful
  1238 | D:3      | Killed Robin
  1588 | D:3      | Found an ancient bone altar of Kikubaaqudgha.
  1733 | D:3      | Reached XP level 5. HP: 41/47 MP: 4/4
  1737 | D:3      | Reached * piety under Trog
  1740 | D:3      | Noticed a water elemental
  1744 | D:3      | Found a stormy altar of Qazlal.
  1759 | D:3      | Noticed a fire elemental
  1759 | D:3      | Noticed an air elemental
  2156 | D:4      | Noticed a phantom
  2199 | D:4      | Killed a phantom
  2199 | D:4      | Reached skill level 5 in Shields
  2199 | D:4      | Reached XP level 6. HP: 35/55 MP: 5/5
  2403 | D:4      | Reached skill level 5 in Fighting
  2952 | D:5      | Entered Level 5 of the Dungeon
  3033 | D:5      | Found a bloodstained altar of Trog.
  3055 | D:5      | Found a staircase to the Ecumenical Temple.
  3066 | D:5      | Reached XP level 7. HP: 12/61 MP: 6/6
  3067 | D:5      | HP: 4/91 [something/puff of flame (8)]
  3183 | D:5      | Reached skill level 5 in Axes
  3727 | D:5      | Found a burning altar of Makhleb.
  3767 | D:5      | Upgraded the game from 0.19-a0-599-g723c685 to 0.19-a0-611-gb5a7e8d
  3820 | D:5      | Reached ** piety under Trog
  3967 | D:6      | Reached skill level 5 in Armour
  4162 | D:6      | Reached XP level 8. HP: 60/71 MP: 7/7
  4248 | D:6      | Found Ziad's General Store.
  4364 | D:6      | Noticed Edmund
  4379 | D:6      | Killed Edmund
  4560 | D:6      | Found a hide-covered altar of Uskayaw.
  4573 | D:6      | Found Rocs's General Store.
  4576 | D:6      | Bought a scroll of remove curse for 36 gold pieces
  4622 | D:6      | Noticed a gargoyle
  4625 | D:6      | Paralysed by an orc for 2 turns
  4637 | D:6      | Killed a gargoyle
  4637 | D:6      | Reached XP level 9. HP: 81/81 MP: 8/8
  4652 | D:6      | Found Acaemor's Magic Scroll Shop.
  4663 | D:6      | Bought a scroll of identify for 24 gold pieces
  4663 | D:6      | Bought a scroll of identify for 24 gold pieces
  4663 | D:6      | Bought a scroll of identify for 24 gold pieces
  4708 | D:6      | Found Rasawaev's Book Boutique.
  4778 | D:6      | Found Caneutaa's Magic Scroll Shop.
  4794 | D:6      | Bought a scroll of remove curse for 33 gold pieces
  4924 | D:6      | Found a snail-covered altar of Cheibriados.
  5028 | D:7      | Reached *** piety under Trog
  5065 | D:7      | Found an oddly glowing altar of Pakellas.
  5174 | D:7      | Noticed Joseph
  5186 | D:7      | Killed Joseph
  5220 | D:7      | Reached **** piety under Trog
  5423 | D:8      | Reached skill level 5 in Slings
  5423 | D:8      | Reached XP level 10. HP: 91/91 MP: 9/9
  5465 | D:8      | Reached skill level 5 in Dodging
  5960 | D:8      | Found a basalt altar of Yredelemnul.
  6326 | D:9      | Found a sacrificial altar of Ru.
  6426 | D:9      | Received a gift from Trog
  6814 | D:9      | Found a shattered altar of Ashenzari.
  6814 | D:9      | Found a glowing silver altar of Zin.
  6814 | D:9      | Found a radiant altar of Vehumet.
  7241 | D:9      | Found a staircase to the Orcish Mines.
  7509 | D:9      | Reached ***** piety under Trog
  7509 | D:9      | Reached skill level 10 in Shields
  7551 | D:9      | Reached skill level 10 in Fighting
  7568 | D:9      | You fall through a shaft!
  7568 | D:10     | Entered Level 10 of the Dungeon
  7568 | D:10     | Noticed richardnixon's ghost (journeyman VSAs)
  7579 | D:10     | Killed richardnixon's ghost
  7728 | D:10     | Noticed a gargoyle
  7734 | D:10     | Killed a gargoyle
  7920 | D:10     | Reached XP level 11. HP: 99/101 MP: 10/10
  7983 | D:10     | Noticed a purple ugly thing
  7988 | D:10     | Noticed Josephine
  7996 | D:10     | Killed a purple ugly thing
  8014 | D:10     | Killed Josephine
  8014 | D:10     | Reached skill level 10 in Axes
  8393 | D:10     | Noticed a hill giant
  8400 | D:10     | Killed a hill giant
  8433 | D:10     | Received a gift from Trog
  9379 | D:11     | Noticed a centaur warrior
  9390 | D:11     | Killed a centaur warrior
  9895 | D:11     | Found a staircase to the Lair.
  9932 | D:11     | Noticed a green ugly thing
  9950 | D:11     | Killed a green ugly thing
 10413 | Lair:1   | Entered Level 1 of the Lair of Beasts
 10472 | Lair:1   | Noticed Erica
 10486 | Lair:1   | Killed Erica
 10486 | Lair:1   | Reached XP level 12. HP: 76/110 MP: 11/11
 10711 | Lair:1   | Found a dark tunnel.
 11054 | Lair:2   | Found a staircase to the Shoals.
 11199 | Lair:2   | Received a gift from Trog
 11915 | Lair:2   | Got a translucent ring mail
 11916 | Lair:2   | Identified the +2 ring mail "Ifuh" {rN+ Stlth+} (You found it on level 2 of the Lair of Beasts)
 12387 | Lair:3   | Noticed a five-headed hydra
 12402 | Lair:3   | Killed an 11-headed hydra
 12883 | Lair:3   | Found a hole to the Spider Nest.
 12924 | Lair:3   | Received a gift from Trog
 13400 | Lair:3   | Received a gift from Trog
 13734 | Lair:3   | Noticed a seven-headed hydra
 13739 | Lair:3   | Killed a seven-headed hydra
 14182 | Lair:4   | Reached XP level 13. HP: 117/119 MP: 12/12
 14408 | Lair:4   | HP: 7/178 [komodo dragon (9)]
 14411 | Lair:4   | Slain by a black mamba

Vault maps used:
D:1:      co_arrival_square_in_a_square_in_a_square, minmay_surrounded
D:2:      first_bread
D:3:      lemuel_upstairs_altar, lemuel_zombie_altar_kikubaaqudgha,
          lemuel_crystal_altar, nicolae_qazlal_style_of_elements, uniq_robin
D:4:      mrwooster_statue_mirror, serial_bayou_lagoon_a
D:5:      lightli_temple_of_fire, minmay_temple_entry_mist, lemuel_statue_altar
D:6:      lemuel_doored_altar, kennysheep_mini, serial_shops,
          nicolae_shop_statue_plus, shop, shop, shop_statue,
          kennysheep_mini_moat, uniq_edmund
D:7:      grunt_pakellas_sulfur, uniq_joseph
D:8:      lemuel_mausoleum_altar_yredelemnul
D:9:      nicolae_ru_great_annihilating_truth, gammafunk_temple_overflow_claw,
          hiddenorc1_lemuel
D:10:     uniq_josephine
D:11:     david_lair_generic, hangedman_little_slice_of_home
Lair:1:   nicolae_volcano_entry_lava_flow, serial_bayou_ford_a,
          hibernation_bobbens, infiniplex_staircase_pool, uniq_erica
Lair:2:   shoals_dummy_entry, serial_bayou_shore_a
Lair:3:   nicolae_spider_entry_orb_guardian, forest_entry_grove
Lair:4:   lab_entry_generic, grunt_megastairs_1, wad_woods_river_01

Skill      XL: |  1  2  3  4  5  6  7  8  9 10 11 12 |
---------------+-------------------------------------+-----
Axes           | 3 4 5 7 8 9 11 12 | 12.5
Fighting       | 4 5 6 7 9 10 11 12 | 12.9
Slings         | 1 2 4 5 6 7 8 |  8.7
Shields        | 4 5 6 7 9 10 11 12 | 12.8
Dodging        | 1 2 3 4 6 7 8 |  8.4
Armour         | 4 5 6 7 8 9 |  9.4

Action                   |  1- 3 |  4- 6 |  7- 9 | 10-12 | 13-15 || total
-------------------------+-------+-------+-------+-------+-------++-------
Melee: War axe           |    90 |   159 |   274 |  1010 |    62 ||  1595
       Headbutt          |     9 |    22 |    61 |   238 |    24 ||   354
 Fire: Hunting sling     |       |       |       |    53 |     9 ||    62
Invok: Berserk           |       |     1 |     2 |     4 |     1 ||     8
       Burn Spellbooks   |       |     1 |     1 |     3 |       ||     5
       Trog's Hand       |       |       |     1 |       |       ||     1
  Use: Scroll            |       |     4 |     1 |     3 |       ||     8
 Stab: Paralysed         |       |       |       |     1 |       ||     1
  Eat: Chunk             |       |     7 |    29 |    24 |     1 ||    61
       Fruit             |       |       |       |     2 |       ||     2
Armor: Chain mail        |    47 |    73 |       |       |       ||   120
       Scale mail        |     3 |       |       |       |       ||     3
       Plate armour      |       |    41 |   204 |   367 |    29 ||   641
Dodge: Dodged            |    25 |    52 |    68 |   292 |    22 ||   459
Block: Shield            |    45 |   107 |   162 |   836 |    66 ||  1216
       Reflection        |       |       |       |     8 |       ||     8
